AoeStats
← NicksjeDhondt

Arena

508817100Analyzed
4v4 RM · 9d ago on Sep 24, 2026· 70m 39s· 8 players
Game mode
Random Map
Map size
Large (8 player)
Population
200
Speed
Normal
Resources
Standard
Victory
Conquest
Starting age
Dark Age
Ending age
Imperial Age
RankedLock teamsTeams togetherTeam positionsShared explorationLock speedFull tech treeHidden civsTurbo modeCheats
Victory
Defeat
🇨🇦 Danes · Canada
825
+14
🇬🇹 Bulgarians · Guatemala
797
+15
🇲🇽 Teutons · Mexico
788
+16
🇺🇸 Khmer · United States
761
+17
🇲🇽 Bengalis · Mexico
843
-18
🇳🇿 Georgians · New Zealand
825
-24
🇦🇷 Byzantines · Argentina
737
-14
🇧🇪 Vietnamese · Belgium
714
-13
Icarus3597
0:29 Loom
11:13 Feudal Age
12:43 Wheelbarrow
11:58 Double-Bit Axe
12:26 Horse Collar
13:47 Town Watch
15:25 Gold Mining
19:58 Castle Age
18:04 Stone Mining
19:42 Man-at-Arms
20:35 Forging
20:25 Scale Mail Armor
20:57 Hand Cart
20:45 Heavy Plow
21:01 Bow Saw
25:12 Stone Shaft Mining
26:05 Squires
26:52 Fortified Wall
27:34 Long Swordsman
28:03 Gambesons
28:04 Arson
33:58 Imperial Age
33:08 Masonry
33:36 Iron Casting
33:16 Chain Mail Armor
33:40 Town Patrol
34:26 Ballistics
34:18 Scale Barding Armor
34:04 Fletching
34:15 Padded Archer Armor
33:38 Pikeman
35:01 Conscription
35:06 Crenellations
36:20 Two-Man Saw
35:54 Crop Rotation
36:34 Hoardings
36:24 Ironclad
35:48 Elite Teutonic Knight
37:04 Plate Mail Armor
36:46 Caravan
37:35 Arrowslits
38:19 Guilds
39:43 Blast Furnace
39:58 Sanctity
39:51 Fervor
40:52 Siege Engineers
40:15 Halberdier
40:55 Bodkin Arrow
41:37 Bloodlines
42:14 Devotion
44:43 Chemistry
43:07 Cavalier
44:10 Chain Barding Armor
44:06 Leather Archer Armor
43:15 Elite Skirmisher
47:23 Heresy
47:48 Paladin
49:05 Plate Barding Armor
49:01 Ring Archer Armor
47:58 Two-Handed Swordsman
52:33 Crossbowman
53:35 Sappers
56:36 Bombard Tower
56:08 Guard Tower
56:56 Coinage
56:59 Onager
57:00 Capped Ram
57:59 Champion
58:06 Heavy Mounted Crossbowman
60:10 Siege Onager
61:14 Sanctity
61:21 Illumination
61:31 Theocracy
61:12 Block Printing
63:45 Keep
63:21 Clinker Construction
63:22 Careening
63:18 Siphons
63:04 Heated Shot
John
10:20 Feudal Age
15:41 Castle Age
14:58 Wheelbarrow
14:35 Man-at-Arms
15:20 Scale Mail Armor
16:27 Forging
18:32 Gambesons
18:51 Loom
19:20 Arson
21:26 Squires
21:58 Long Swordsman
27:46 Chain Mail Armor
34:30 Hand Cart
34:54 Hand Cart
34:54 Double-Bit Axe
34:51 Horse Collar
37:52 Gold Mining
37:55 Stone Mining
39:47 Ballistics
41:09 Masonry
48:26 Imperial Age
45:24 Pikeman
46:40 Hamask
47:35 Murder Holes
47:52 Caravan
49:37 Iron Casting
48:55 Fletching
49:29 Conscription
48:32 Elite Varangian Guard
52:33 Bow Saw
55:18 Blast Furnace
54:49 Plate Mail Armor
54:15 Bodkin Arrow
55:04 Elite Jomsviking
55:34 Heavy Scorpion
57:29 Chemistry
57:09 Halberdier
64:57 Bracer
65:05 Siege Engineers
69:48 Spies/Treason
Heccal23
11:14 Feudal Age
11:53 Horse Collar
12:05 Double-Bit Axe
13:42 Wheelbarrow
13:54 Gold Mining
18:44 Castle Age
17:19 Forging
17:24 Scale Mail Armor
18:48 Arson
19:28 Gambesons
21:18 Iron Casting
20:59 Chain Mail Armor
33:07 Stirrups
36:53 Imperial Age
34:58 Husbandry
34:20 Light Cavalry
35:20 Scale Barding Armor
38:16 Pikeman
38:57 Squires
40:47 Bow Saw
40:44 Heavy Plow
40:07 Hussar
41:00 Bloodlines
41:20 Hand Cart
42:38 Crop Rotation
43:24 Halberdier
43:43 Elite Skirmisher
46:15 Blast Furnace
45:45 Plate Mail Armor
45:32 Thumb Ring
45:43 Fletching
45:54 Padded Archer Armor
46:15 Chain Barding Armor
47:01 Parthian Tactics
47:03 Bodkin Arrow
47:38 Conscription
50:06 Bracer
50:22 Leather Archer Armor
51:04 Gold Shaft Mining
50:19 Stone Mining
51:47 Plate Barding Armor
52:09 Heavy Cavalry Archer
55:21 Chemistry
54:41 Ballistics
56:18 Bagains
69:22 Spies/Treason
Brogo
9:28 Loom
14:35 Feudal Age
avilareall
10:06 Feudal Age
14:43 Castle Age
14:48 Double-Bit Axe
14:55 Gold Mining
18:25 Redemption
19:54 Sanctity
26:10 Fervor
28:01 Horse Collar
28:34 Bow Saw
35:31 Husbandry
37:03 Wheelbarrow
36:48 Bloodlines
37:04 Forging
37:00 Scale Barding Armor
37:06 Heavy Plow
39:08 Light Cavalry
40:47 Iron Casting
41:20 Ballistics
41:36 Hand Cart
43:34 Chain Barding Armor
47:59 Imperial Age
46:22 Gold Shaft Mining
49:23 Paiks
51:21 Blast Furnace
51:05 Plate Barding Armor
51:54 Chemistry
55:06 Padded Archer Armor
54:57 Fletching
NicksjeDhondt
0:31 Loom
11:12 Feudal Age
11:56 Double-Bit Axe
11:53 Horse Collar
14:11 Gold Mining
15:52 Stone Mining
20:14 Castle Age
20:27 Pikeman
21:08 Squires
23:38 Wheelbarrow
22:48 Town Watch
28:01 Bow Saw
27:55 Heavy Plow
29:51 Town Patrol
31:47 Hand Cart
33:58 Stone Shaft Mining
36:16 Coinage
35:47 Caravan
39:27 Imperial Age
38:16 Scale Mail Armor
38:21 Scale Barding Armor
38:18 Padded Archer Armor
38:29 Forging
38:09 Fletching
39:19 Chain Mail Armor
39:38 Halberdier
40:56 Crop Rotation
41:39 Two-Man Saw
42:22 Iron Casting
41:51 Bodkin Arrow
42:32 Plate Mail Armor
43:32 Bracer
45:37 Banking
45:26 Leather Archer Armor
45:40 Ballistics
46:29 Guilds
47:25 Man-at-Arms
48:05 Arson
48:43 Long Swordsman
49:43 Elite Fire Lancer
49:54 Two-Handed Swordsman
53:51 Husbandry
55:45 Cavalier
58:04 Two-Handed Swordsman
58:29 Onager
Zeraphim
0:48 Loom
11:29 Feudal Age
12:03 Double-Bit Axe
17:21 Man-at-Arms
28:24 Castle Age
29:15 Crossbowman
30:40 Husbandry
32:51 Arson
33:07 Squires
32:53 Gambesons
32:29 Pikeman
36:51 Forging
36:31 Fletching
36:42 Scale Mail Armor
36:43 Padded Archer Armor
36:48 Scale Barding Armor
37:48 Wheelbarrow
41:22 Imperial Age
39:16 Thumb Ring
41:35 Hand Cart
44:17 Chemistry
43:38 Ballistics
43:14 Murder Holes
42:58 Arbalester
47:23 Logistica
56:20 Onager
60:19 Elite Skirmisher
65:09 Iron Casting
64:29 Bodkin Arrow
64:50 Chain Mail Armor
64:51 Leather Archer Armor
65:45 Imperial Skirmisher
69:31 Horse Collar
Jackson2013
4:14 Loom
35:06 Feudal Age
35:23 Horse Collar
35:30 Double-Bit Axe
40:24 Castle Age
39:02 Gold Mining
44:54 Imperial Age
44:08 Scale Barding Armor
44:14 Forging
44:18 Bow Saw
47:39 Chain Barding Armor
50:03 Plate Barding Armor
52:09 Iron Casting
53:02 Elite Monaspa
55:07 Blast Furnace
56:17 Wheelbarrow
58:03 Conscription
59:32 Hand Cart
Connection lost

Rejoining the realm…

Still unreachable

The connection could not be restored.

Session expired

The server has moved on; the page needs a fresh start.